Map: Tokamak LE

Players

ManlyManMeat - Winner!

  • Race: Zerg Zerg
  • League: Platinum
  • Spawn Location: 1:00

Peace

  • Race: Protoss Protoss
  • League: Master
  • Spawn Location: 7:00

VOD

Have the link to the VOD?

Description

Time

  • Played on: June 21, 2025, 7:56 a.m.
  • Length: 10:40
Show
View Real Time Build Order
Export as new Build Order

ManlyManMeat Zerg - Winner!

Build Orders: Hatch First 

Get SALT Encoding   

  12  0:00  Drone  
  13  0:12  Overlord  
  13  0:21  Drone  
  14  0:31  Drone x2  
  16  0:37  Drone  
  17  0:52  Hatchery  
  17  0:54  Drone  
  17  0:57  Drone  
  18  1:10  Extractor  
  17  1:12  Spawning Pool  
  16  1:32  Drone x3  
  19  1:45  Overlord  
  19  2:05  Queen  
  21  2:08  Queen  
  21  2:09  Zergling x2  
  21  2:10  Zergling x2  
  25  2:16  Drone x3  
  28  2:28  Drone x2  
  30  2:36  Metabolic Boost  
  30  2:42  Drone x2  
  32  2:47  Drone  
  33  2:52  Overlord  
  33  3:03  Drone, Hatchery  
  33  3:16  Drone x5  
  33  3:17  Drone  
  39  3:27  Spore Crawler  
  39  3:28  Spore Crawler  
  39  3:29  Queen  
  39  3:38  Drone x3  
  42  3:50  Overlord x3  
  42  4:03  Overlord x2  
  42  4:04  Overlord  
  42  4:16  Drone x2  
  42  4:17  Drone x2  
  45  4:18  Drone x3  
  49  4:33  Spore Crawler  
  49  4:34  Spore Crawler  
  49  4:36  Drone x2, Spore Crawler  
  49  4:37  Lair  
  47  4:44  Spore Crawler  
  46  4:46  Drone x3, Spore Crawler x2  
  46  4:47  Drone x2  
  49  4:53  Drone x3  
  49  4:57  Queen  
  54  5:04  Drone  
  54  5:05  Drone x2  
  57  5:09  Overlord x2  
  56  5:15  Zergling x8  
  57  5:27  Spore Crawler  
  55  5:31  Zergling x14, Baneling Nest  
  61  5:47  Drone x6  
  67  5:55  Evolution Chamber  
  62  6:09  Drone x4  
  65  6:14  Hatchery  
  65  6:17  Hatchery, Overlord x2  
  63  6:25  Zerg Melee Weapons Level 1  
  63  6:28  Centrifugal Hooks  
  63  6:29  Zergling x20, Evolution Chamber  
  72  6:36  Baneling  
  72  6:37  Baneling x10  
  72  6:53  Hatchery  
  71  6:59  Zergling x6  
  74  7:02  Overlord x2  
  74  7:11  Overseer  
  74  7:12  Overlord x3  
  74  7:13  Overlord  
  74  7:20  Overlord x3  
  74  7:22  Zerg Ground Armor Level 1  
  63  7:52  Zergling x50  
  83  8:13  Zergling x6  
  83  8:14  Zergling x12  
  83  8:16  Queen  
  93  8:22  Drone  
  93  8:23  Drone x4  
  92  8:34  Spore Crawler  
  92  8:35  Spore Crawler  
  92  8:37  Spore Crawler  
  86  8:41  Zergling x28  
  86  8:42  Zergling x6  
  93  8:50  Hydralisk Den  
  87  9:09  Baneling x6  
  86  9:12  Extractor  
  86  9:13  Drone x2, Extractor  
  86  9:14  Drone  
  86  9:15  Drone x2, Extractor  
  86  9:16  Drone, Extractor  
  88  9:17  Drone x3  
  88  9:18  Drone x3  
  88  9:21  Drone x5, Extractor  
  88  9:22  Overlord x2, Extractor  
  86  9:40  Grooved Spines  
  85  9:54  Drone x3  
  82  10:09  Hydralisk x8  
  82  10:14  Drone x6  
Show
View Real Time Build Order
Export as new Build Order

Peace Protoss 

Build Orders: Phoenix Opening, Mass Phoenix 

Get SALT Encoding   

  12  0:00  Probe  
  13  0:12  Probe  
  14  0:17  Pylon  
  14  0:24  Probe  
  15  0:32  Probe  
  15  0:40  Gateway, Probe  
  16  0:47  Assimilator  
  17  0:51  Probe  
  18  0:59  Probe  
  19  1:07  Probe, Assimilator  
  19  1:17  Probe  
  21  1:27  Cybernetics Core  
  21  1:29  Probe  
  22  1:41  Probe  
  23  1:49  Nexus  
  23  1:57  Pylon  
  23  2:05  Adept  
  23  2:06  Warp Gate  
  23  2:15  Probe  
  26  2:28  Stargate  
  26  2:31  Probe  
  26  2:36  Stargate  
  27  2:43  Probe  
  28  2:48  Gateway  
  28  3:00  Probe  
  28  3:03  Probe  
  30  3:11  Phoenix  
  30  3:12  Phoenix  
  30  3:16  Probe  
  34  3:28  Gateway  
  34  3:35  Probe x2  
  34  3:36  Pylon  
  36  3:41  Phoenix  
  36  3:47  Probe  
  39  3:49  Probe  
  39  3:52  Assimilator  
  40  3:57  Phoenix  
  42  4:07  Probe  
  43  4:10  Phoenix  
  43  4:13  Probe  
  46  4:27  Nexus  
  46  4:31  Pylon  
  46  4:35  Probe x2  
  46  4:36  Phoenix  
  50  4:45  Phoenix  
  50  4:47  Probe x2  
  52  4:59  Probe  
  56  5:00  Probe  
  56  5:05  Assimilator  
  56  5:07  Adept  
  56  5:11  Probe  
  56  5:12  Probe  
  60  5:23  Phoenix  
  62  5:35  Pylon x2  
  62  5:39  Phoenix, Probe x3  
  67  5:44  Shield Battery  
  67  5:51  Probe x3  
  67  5:54  Adept x3  
  76  6:02  Protoss Air Weapons Level 1  
  76  6:03  Probe x3  
  79  6:07  Assimilator  
  79  6:08  Assimilator  
  79  6:11  Twilight Council  
  79  6:15  Probe x2  
  79  6:16  Probe  
  82  6:27  Probe x2  
  82  6:28  Phoenix x2, Probe  
  89  6:38  Pylon  
  89  6:41  Pylon x2, Probe x3  
  92  6:51  Charge  
  88  6:59  Phoenix x2  
  88  7:01  Probe  
  93  7:05  Templar Archives  
  94  7:08  Probe  
  94  7:15  Stargate, Probe x2  
  96  7:20  Forge  
  96  7:28  Probe  
  96  7:29  Probe  
  98  7:30  Cybernetics Core  
  98  7:31  Zealot x3  
  79  7:51  Adept x2  
  79  7:54  Void Ray x2  
  79  7:58  Adept  
  84  8:06  Psionic Storm  
  84  8:12  Adept  
  86  8:15  Adept  
  88  8:21  Probe x2  
  88  8:22  Probe  
  82  8:33  Probe  
  82  8:34  Probe x2  
  84  8:37  Void Ray  
  65  8:46  Probe  
  65  8:47  Probe x2  
  47  8:58  Probe  
  48  9:13  Probe x2  
  50  9:21  Probe  
  44  9:37  Probe x2  
  44  9:45  Probe  
  39  10:12  Adept  
Tags
 
Add a new tag
Caveats
  • Supply blocks, unpowered buildings, or Contaminate may cause inaccurate times.
  • Supply counts are checked every 10 seconds.